[Event "*** Titled Tuesday 3|2 Blitz"]
[Site "Chess.com"]
[Date "2015.09.01"]
[Round "5"]
[White "Janosik"]
[Black "arnacman"]
[Result "0-1"]
[WhiteElo "2448"]
[BlackElo "2248"]
[TimeControl "180+2"]
[EndTime "12:03:56 PDT"]
[Termination "arnacman won by resignation"]

1. d4 d5 2. c4 c6 3. Nf3 Nf6 4. Nc3 a6 5. g3 dxc4 6. a4 e6 7. Bg2 c5 8. dxc5 Qxd1+ 9. Nxd1 Bd7 10. Ne5 Bc6 11. Nxc6 Nxc6 12. Ne3 Na5 13. Bd2 Nc6 14. Rc1 Bxc5 15. Rxc4 Bd6 16. Rxc6 bxc6 17. Bxc6+ Ke7 18.
Bxa8 Rxa8 19. O-O Ne4 20. Rd1 Rb8 21. Nc4 Bc5 22. Be1 f6 23. Kg2 Bb4 24. Kf3 Nc5 25. a5 Bxe1 26. Rxe1 Rb4 27. Rc1 Nb3 28. Rc3 Nd4+ 29.
Ke3 e5 30. f4 Nb5 31. Rc1 Ke6 32. fxe5 fxe5 33. Kd2 Kd5 34. Ne3+ Kd6 35. Nf5+ Kd5 36. Rc2 g6 37. Ne3+ Kd6 38. Kd3 Nd4 39. Rd2 Ke6 40. Nc4 Nb5 41. e3 e4+ 42. Kxe4 Rxc4+ 43. Kf3 Rb4 44.
Rc2 Kd6 45. Rd2+ Kc5 46. g4 Nd6 47. h4 Nc4 48. Rd7 Nxa5 49. Rxh7 Rxb2 50. Rh6 Rb6 51. Kf4 Nc4 52. e4 a5 53. g5 a4 54. h5 a3 55.
hxg6 a2 56. Rh1 Rb1 57. g7 Rxh1 58. g8=Q a1=Q 59. Qf8+ Kb5 60. Qb8+ Nb6 61. Qe8+ Ka6 62. Kf5 Qf1+ 63. Kg6 Qd3 64. Qe6 Rh2 65. Qe5 Re2 66.
Qa1+ Kb7 67. Qg7+ Qd7 68. Qe5 Qc6+ 69. Qf6 Rxe4 70. Kg7 Qxf6+ 71. gxf6 Nd7 72. f7 Kc7 0-1

[Event "*** Titled Tuesday 3|2 Blitz"]
[Site "Chess.com"]
[Date "2015.09.01"]
[Round "5"]
[White "E-Shaposhnikov"]
[Black "Keranke"]
[Result "1-0"]
[WhiteElo "2447"]
[BlackElo "2499"]
[TimeControl "180+2"]
[EndTime "12:04:44 PDT"]
[Termination "E-Shaposhnikov won by resignation"]

1. Nf3 g6 2. c4 Bg7 3. d4 d6 4.
e3 Nf6 5. Nc3 O-O 6. Be2 c5 7.
O-O Nc6 8. d5 Na5 9. h3 a6 10. a4 e6 11. e4 exd5 12. cxd5 Re8 13. Nd2 Rb8 14. Re1 Bd7 15. Rb1 b5 16. axb5 Bxb5 17.
Nxb5 axb5 18. b4 Nc4 19. bxc5 Nxd2 20. Bxd2 dxc5 21. Bxb5 Rxe4 22. Bc6 Rxe1+ 23. Bxe1 Rxb1 24. Qxb1 Nxd5 25. Ba5 Qd6 26. Qb7 Ne7 27. Ba4 Bd4 28.
Bb3 Qf4 29. Be1 Qf6 30. Bc4 Nf5 31. g3 Kg7 32. Qf3 Nd6 33. Bd5 Qxf3 34. Bxf3 Kf6 35.
Kf1 Ke6 36. Ke2 c4 37. Bc6 f5 38. f3 Nf7 39. Bb4 Ne5 40. Bb5 Kd5 41. Be8 c3 42. f4 Nc4 43. Bf7+ Ke4 44. Bxc4 h6 45. Ba6 Kd5 46.
Kd3 Bf2 47. g4 Bg3 48. Bb7+ Ke6 49. Ke3 Be1 50. Ke2 Bd2 51. Kd3 fxg4 52. Bc8+ Kf6 53. Bxg4 Bxf4 54. Bxc3+ Be5 55. Bd2 h5 56. Bc8 g5 57.
Ke4 Bg3 58. Kf3 Be5 59. Ke4 Bg3 60. Bc3+ Kg6 61. Bf5+ Kh6 62. Bd2 Bf4 63. Be1 Bc1 64. Kd5 Bf4 65. Ke4 Bc1 66. Bf2 Bf4 67. Bd7 Bc1 68. Be8 Bd2 69. Kf5 Bc1 70. Kf6 Bb2+ 71. Kf5 Bc1 72. Bc5 g4 73. Bg6 Kg7 74. Bd4+ Kh6 75.
Bc5 Kg7 76. h4 g3 77. Bxh5 Bb2 78. Bf3 Bf6 79. Kg4 Be5 80. Be3 Kh7 81. Be4+ Kg7 82.
Kf5 Bc7 83. h5 Bb8 84. h6+ Kh7 85. Kf6+ Kh8 86. Bd4 1-0

[Event "*** Titled Tuesday 3|2 Blitz"]
[Site "Chess.com"]
[Date "2015.09.01"]
[Round "5"]
[White "Keaton87"]
[Black "drifblim"]
[Result "1/2-1/2"]
[WhiteElo "2407"]
[BlackElo "2172"]
[TimeControl "180+2"]
[EndTime "12:05:01 PDT"]
[Termination "Game drawn by agreement"]

1. e4 e6 2. d4 d5 3. Nd2 Nf6 4. e5 Nfd7 5. c3 c5 6. Bd3 Nc6 7. Ne2 cxd4 8. cxd4 f6 9. exf6 Nxf6 10. Nf3 Bd6 11.
O-O Qc7 12. Nc3 a6 13. Bd2 O-O 14. Rc1 Bd7 15. Na4 Rae8 16. Nc5 Bc8 17. Re1 Ng4 18. h3 Bh2+ 19. Kf1 Nxf2 20. Kxf2 Qg3+ 21. Kf1 Nxd4 22.
Re3 e5 23. Be1 Qg5 24. Bf2 Nxf3 25. Rxf3 e4 26. Rxf8+ Rxf8 27. Nxe4 dxe4 28. Bxe4 Be6 29. Bf3 Rxf3 30. gxf3 Bxh3+ 31. Ke2 Bf4 32. Rc5 Qe7+ 33. Kd3 g6 34. Qb3+ Kg7 35. Bd4+ Kh6 36. Qd1 Bf5+ 37.
Kc3 Qh4 38. a4 Qh2 39. a5 Qg2 40. Kb4 Bd2+ 41. Ka3 Bf4 42. Be5 Bxe5 43. Rxe5 Qg3 44.
Re3 Qf4 45. Rc3 Qe5 46. Qd8 Qe1 47. f4 Qa1+ 48. Kb3 Be6+ 49. Kc2 Qa4+ 50. Kd3 Qxf4 51. Qd4 Bf5+ 52. Kc4 Be6+ 53. Kc5 Qc7+ 54. Kb4 Qe7+ 55. Rc5 Bf7 56. Qe5 Qxe5 57. Rxe5 g5 58. Kc3 Kh5 59. Re7 Bd5 60. Rxh7+ Kg4 61. Kd2 Kf4 62.
Ke2 g4 63. Kf2 Bc6 64. Rf7+ Ke5 65. Kg3 Bf3 66. Rd7 Ke6 67. Rd2 Ke5 68. b3 Ke6 69.
Kf4 Ke7 70. Rd3 Ke6 71. Rd8 Ke7 72. Rd4 Ke6 73. Rd3 Ke7 74. Ke5 Kf7 75. Rc3 Kg6 76. Kf4 Kf6 77. Rc5 Ke6 78. b4 Kd6 79. Rg5 Kc6 80.
Ke3 Kd6 81. Kd4 Kc6 82. Rg6+ Kb5 83. Kc3 Ka4 84. Rg5 Ka3 85. Rg7 Ka4 86. Rf7 Ka3 87. Rf4 Ka4 88. Rf6 Ka3 89. Rg6 Ka4 90. Kc4 Ka3 91. Kc5 Ka4 92. Rg7 Ka3 93. Rf7 Ka4 94.
Rf8 Ka3 95. Rf4 Ka2 96. b5 axb5 97. Kxb5 Kb2 98. Kb6 Kc3 99. Rxg4 Bxg4 100. Kxb7 Be2 1/2-1/2

[Event "*** Titled Tuesday 3|2 Blitz"]
[Site "Chess.com"]
[Date "2015.09.01"]
[Round "6"]
[White "Tirantes"]
[Black "jup1978"]
[Result "1-0"]
[WhiteElo "2235"]
[BlackElo "2153"]
[TimeControl "180+2"]
[EndTime "12:07:24 PDT"]
[Termination "Tirantes won by resignation"]

1. c4 e5 2. Nc3 Nf6 3. Nf3 Nc6 4. g3 Bb4 5. Nd5 O-O 6. Nxb4 Nxb4 7. Nxe5 Re8 8. d4 d6 9. Nd3 Nxd3+ 10. Qxd3 Bg4 11. f3 Bf5 12. Qxf5 1-0

[Event "*** Titled Tuesday 3|2 Blitz"]
[Site "Chess.com"]
[Date "2015.09.01"]
[Round "6"]
[White "ilmago"]
[Black "Schemato"]
[Result "0-1"]
[WhiteElo "1824"]
[BlackElo "2144"]
[TimeControl "180+2"]
[EndTime "12:08:47 PDT"]
[Termination "Schemato won by resignation"]

1. e4 e6 2. d4 d5 3. Nc3 Nf6 4.
e5 Nfd7 5. f4 c5 6. Nf3 Nc6 7. Be3 Be7 8. Qd2 O-O 9. O-O-O c4 10. g4 b5 11. f5 b4 12. Nb1 Rb8 13.
Ng5 Bxg5 14. Bxg5 Qa5 15. f6 Qxa2 16. Bh4 c3 17. bxc3 Qxb1+ 18. Kxb1 bxc3+ 19. Kc1 cxd2+ 20. Rxd2 gxf6 0-1

[Event "*** Titled Tuesday 3|2 Blitz"]
[Site "Chess.com"]
[Date "2015.09.01"]
[Round "6"]
[White "SidArun"]
[Black "Krutoy123"]
[Result "0-1"]
[WhiteElo "1929"]
[BlackElo "2207"]
[TimeControl "180+2"]
[EndTime "12:09:41 PDT"]
[Termination "Krutoy123 won by resignation"]

1. e4 c5 2. c3 Nf6 3. e5 Nd5 4. d4 cxd4 5. cxd4 e6 6. Nf3 b6 7.
Nc3 Bb7 8. Be2 Na6 9. O-O Nac7 10. Ne4 Be7 11. Nfg5 h6 12. Nh3 O-O 13. f4 f5 14.
Ng3 d6 15. Bd2 Ba6 16. Bxa6 Nxa6 17. Qe2 Nac7 18. Nf2 Qd7 19. Nd3 Nb5 20. Be3 Nxe3 21. Qxe3 dxe5 22. dxe5 Rfd8 23. Rfd1 Rac8 24. a4 Nd4 25. b4 Nc2 0-1

[Event "*** Titled Tuesday 3|2 Blitz"]
[Site "Chess.com"]
[Date "2015.09.01"]
[Round "6"]
[White "Grootneus"]
[Black "stefanodinn"]
[Result "0-1"]
[WhiteElo "2009"]
[BlackElo "2123"]
[TimeControl "180+2"]
[EndTime "12:10:12 PDT"]
[Termination "stefanodinn won by resignation"]

1. e4 c5 2. c3 d5 3. exd5 Qxd5 4. d4 Nc6 5. Nf3 Bg4 6. Be2 cxd4 7. cxd4 e6 8. O-O Nf6 9. Nc3 Qa5 10. h3 Bh5 11. Be3 Bb4 12. Qb3 O-O 13. a3 Bxc3 14. bxc3 Nd5 15.
c4 Nc3 16. Qc2 Nxe2+ 17. Qxe2 Rfd8 18. g4 Bg6 19. Rfd1 Rd7 20. Qd2 Qxd2 21. Rxd2 Rad8 22. Rb2 b6 23. Rd1 Na5 24. Rc1 f6 25. c5 bxc5 26.
Rxc5 Nb7 27. Rc6 Nd6 28. g5 Be4 29. Nd2 Bxc6 0-1

[Event "*** Titled Tuesday 3|2 Blitz"]
[Site "Chess.com"]
[Date "2015.09.01"]
[Round "6"]
[White "Fawolizzo"]
[Black "drifblim"]
[Result "0-1"]
[WhiteElo "1962"]
[BlackElo "2176"]
[TimeControl "180+2"]
[EndTime "12:10:12 PDT"]
[Termination "drifblim won by resignation"]

1. d4 Nf6 2. c4 e6 3. Nf3 Bb4+ 4. Bd2 Qe7 5. Nc3 Bxc3 6. Bxc3 Ne4 7. Qc2 Nxc3 8. Qxc3 d6 9. e4 O-O 10. Be2 Nc6 11.
O-O e5 12. d5 Nb8 13. h3 a5 14. Rac1 f5 15. Nd2 f4 16. f3 Nd7 17. a3 Nf6 18. b4 axb4 19. axb4 c6 20. Rfd1 cxd5 21.
cxd5 Bd7 22. b5 Nh5 23. Qb4 Ng3 24. Bf1 Qg5 25. Kf2 Qh4 26. Kg1 Rf6 27. Nc4 Rg6 28.
Kh2 Nxf1+ 29. Rxf1 Qg3+ 0-1

[Event "*** Titled Tuesday 3|2 Blitz"]
[Site "Chess.com"]
[Date "2015.09.01"]
[Round "6"]
[White "Dale"]
[Black "Colombiano07"]
[Result "0-1"]
[WhiteElo "1927"]
[BlackElo "1976"]
[TimeControl "180+2"]
[EndTime "12:10:42 PDT"]
[Termination "Colombiano07 won by checkmate"]

1. d4 Nf6 2. c4 g6 3. Nc3 Bg7 4.
e4 O-O 5. Nf3 d6 6. Be2 e5 7. O-O Nc6 8. d5 Ne7 9. b4 a5 10. bxa5 Rxa5 11. a4 Nd7 12. Nd2 f5 13. Nb3 Ra8 14. c5 Nf6 15. cxd6 cxd6 16. Nb5 Nxe4 17. a5 Bd7 18. Ba3 Bxb5 19. Bxb5 Nc3 20. Qd3 e4 21. Qc4 Nxb5 22. Qxb5 Bxa1 23. Rxa1 Rf7 24. Qxb7 f4 25. a6 Rb8 26. Qa7 Rxb3 27. Qd4 e3 28. a7 exf2+ 29. Kxf2 Nf5 30. Qe4 Rxa7 31. g4 fxg3+ 32. hxg3 Raxa3 33. Rxa3 Rxa3 34. Kg2 Qe7 35. Qe6+ Qxe6 36. dxe6 Re3 37. g4 Rxe6 38.
g5 d5 39. Kf3 d4 40. Kg4 d3 41. Kh3 d2 42. Kg4 d1=Q+ 43. Kf4 Qd4+ 44. Kf3 Re3+ 45.
Kg2 Qd2+ 46. Kh1 Re1# 0-1

[Event "*** Titled Tuesday 3|2 Blitz"]
[Site "Chess.com"]
[Date "2015.09.01"]
[Round "6"]
[White "Moltini"]
[Black "Tesla17"]
[Result "0-1"]
[WhiteElo "2107"]
[BlackElo "2129"]
[TimeControl "180+2"]
[EndTime "12:11:12 PDT"]
[Termination "Tesla17 won by checkmate"]

1. d4 c5 2. d5 e6 3. c4 exd5 4. cxd5 d6 5. Nc3 Be7 6. e4 Bf6 7. f4 Ne7 8. Nf3 Ng6 9. Be2 O-O 10. O-O Na6 11. a4 Nc7 12. Re1 Re8 13. Bf1 a6 14. a5 Bd7 15. Qd3 Nb5 16. Ne2 Rc8 17. Ng3 c4 18. Qc2 c3 19. b3 Nh4 20. Be3 Nxf3+ 21. gxf3 Nd4 22. Bxd4 Bxd4+ 23. Kh1 Qh4 24. f5 Be5 25. Qg2 c2 26. Rac1 Rc3 27. Bc4 Rc8 28. Re2 Qf4 29. Rcxc2 Rxf3 30. Rf2 Rxf2 31. Rxf2 Qh4 32. Rc2 g6 33. fxg6 hxg6 34. Rf2 Bd4 35. Rf1 Bh3 36. Qe2 Bxf1 37. Qxf1 Be5 38. Kg2 Bxg3 39.
hxg3 Qxe4+ 40. Kh2 Kg7 41. Qa1+ f6 42. Qa4 Rh8+ 43.
Kg1 Rh1+ 44. Kf2 Rh2+ 45. Kf1 Qg2+ 46. Ke1 Qd2+ 47. Kf1 Qf2# 0-1

[Event "*** Titled Tuesday 3|2 Blitz"]
[Site "Chess.com"]
[Date "2015.09.01"]
[Round "6"]
[White "xdb"]
[Black "Tobi-Wan-Kenobi"]
[Result "1-0"]
[WhiteElo "2193"]
[BlackElo "2345"]
[TimeControl "180+2"]
[EndTime "12:11:13 PDT"]
[Termination "xdb won by resignation"]

1. d4 Nf6 2. c4 e6 3. Nc3 Bb4 4. a3 Bxc3+ 5. bxc3 c5 6. e3 Nc6 7.
Bd3 O-O 8. Ne2 b6 9. O-O Ba6 10. e4 Ne8 11. f4 f5 12. e5 Na5 13.
d5 Nc7 14. d6 Ne8 15. g4 Bxc4 16. gxf5 Bxd3 17. Qxd3 Rxf5 18. Ng3 Rf8 19. f5 Nc6 20.
Bf4 exf5 21. Nxf5 g6 22. Qd5+ Kh8 23. Ne7 Rb8 24. Bg5 Rxf1+ 25. Rxf1 1-0

[Event "*** Titled Tuesday 3|2 Blitz"]
[Site "Chess.com"]
[Date "2015.09.01"]
[Round "6"]
[White "ArnaudovP"]
[Black "Badouuu"]
[Result "1-0"]
[WhiteElo "2332"]
[BlackElo "1843"]
[TimeControl "180+2"]
[EndTime "12:11:17 PDT"]
[Termination "ArnaudovP won by resignation"]

1. e4 c5 2. Nf3 Nc6 3. d4 cxd4 4.
Nxd4 e5 5. Nb5 d6 6. c4 Be7 7. N1c3 a6 8. Na3 f5 9. exf5 Bxf5 10.
Bd3 Be6 11. O-O Nf6 12. Nd5 O-O 13. Nc2 b5 14. Nce3 Nd4 15. b3 Rb8 16. Bb2 Kh8 17. Nxf6 Bxf6 18. Bxd4 exd4 19. Qh5 g6 20. Bxg6 Qd7 21.
Nf5 Bxf5 22. Bxf5 Qg7 23. Qh3 bxc4 24. bxc4 Rb2 25. Rad1 Rxa2 26. Rd3 Be5 27. f4 Rxf5 28. Rg3 Qa7 29. Qxf5 Bg7 30. Qc8+ 1-0

[Event "*** Titled Tuesday 3|2 Blitz"]
[Site "Chess.com"]
[Date "2015.09.01"]
[Round "6"]
[White "nightmaresknight"]
[Black "penguingm1"]
[Result "0-1"]
[WhiteElo "2332"]
[BlackElo "2514"]
[TimeControl "180+2"]
[EndTime "12:11:25 PDT"]
[Termination "penguingm1 won on time"]

1. e4 e5 2. Nf3 Nc6 3. d4 exd4 4. Nxd4 Nf6 5. Nxc6 bxc6 6. e5 Qe7 7. Qe2 Nd5 8.
c4 Nb6 9. Nd2 Qe6 10. Qe3 Bb4 11. b3 a5 12. a3 Bxd2+ 13. Bxd2 a4 14. f4 axb3 15. Qxb3 Ba6 16. Rc1 f6 17. Qg3 O-O 18.
Bd3 Nxc4 0-1

[Event "*** Titled Tuesday 3|2 Blitz"]
[Site "Chess.com"]
[Date "2015.09.01"]
[Round "6"]
[White "Yaacovn"]
[Black "rhungaski"]
[Result "1-0"]
[WhiteElo "2609"]
[BlackElo "2468"]
[TimeControl "180+2"]
[EndTime "12:11:28 PDT"]
[Termination "Yaacovn won by resignation"]

1. d4 d5 2. Nf3 Nf6 3. c4 dxc4 4. e3 e6 5. Bxc4 a6 6. O-O c5 7. Bb3 b5 8. Nc3 Bb7 9. a4 b4 10. Ne2 Nc6 11. Nf4 cxd4 12. exd4 Na5 13. Bxe6 fxe6 14.
Nxe6 Qb6 15. Re1 Be7 16. Nxg7+ Kf7 17. Ng5+ Kxg7 18. Rxe7+ Kf8 19. Re6 Qxe6 20. Nxe6+ Kf7 21. Ng5+ Kg7 22. Bf4 Rhe8 23. Be5 Nc4 24. Bxf6+ Kxf6 25. Nxh7+ Kg7 26. Ng5 Nd6 27. d5 Kg6 28. Ne6 Nf5 29.
Qg4+ Kf6 30. Qg5+ 1-0

[Event "*** Titled Tuesday 3|2 Blitz"]
[Site "Chess.com"]
[Date "2015.09.01"]
[Round "6"]
[White "BakaPG"]
[Black "LADIESGET2KNOWME"]
[Result "1-0"]
[WhiteElo "2440"]
[BlackElo "2240"]
[TimeControl "180+2"]
[EndTime "12:11:33 PDT"]
[Termination "BakaPG won by resignation"]

1. e4 e6 2. d3 d5 3. Nd2 Nf6 4.
Ngf3 Bc5 5. e5 Nfd7 6. d4 Be7 7.
c3 c5 8. Bd3 Nc6 9. O-O Qb6 10.
Qa4 O-O 11. Re1 cxd4 12. cxd4 Nb4 13. Bb1 Qc6 14. Qd1 Nb6 15. a3 Na6 16. Nf1 Bd7 17. Qd3 g6 18. Qe3 Rfc8 19. Qh6 Bf8 20. Qh4 Qxc1 21.
Rxc1 Rxc1 22. Bxg6 Rxf1+ 23. Rxf1 hxg6 24. Ng5 Bg7 25.
Nh7 Rc8 26. Nf6+ Kf8 27. Qh7 Bb5 28. Re1 1-0

[Event "*** Titled Tuesday 3|2 Blitz"]
[Site "Chess.com"]
[Date "2015.09.01"]
[Round "6"]
[White "Thomaslegend"]
[Black "PauloCesarCosta"]
[Result "1/2-1/2"]
[WhiteElo "2130"]
[BlackElo "2024"]
[TimeControl "180+2"]
[EndTime "12:11:36 PDT"]
[Termination "Game drawn by agreement"]

1. d4 d5 2. c4 c6 3. Nf3 e6 4. g3 Nf6 5. Bg2 Be7 6. O-O b6 7.
cxd5 exd5 8. Nc3 O-O 9. Bf4 Bb7 10. Rc1 Nbd7 11. Ne5 Nxe5 12. Bxe5 Nd7 13. Bf4 Bg5 14. Qd2 Bxf4 15. Qxf4 Rc8 16. Rfd1 Qf6 17. e3 Qxf4 18. gxf4 Rfe8 19. Bh3 Rcd8 20. Bxd7 Rxd7 21. Nb1 f6 22. b4 Rd6 23. Rc3 Ba6 24. Nd2 Rc8 25. Rdc1 Be2 26. a4 a6 27. Rb3 b5 28. axb5 axb5 29. Rbc3 Bc4 1/2-1/2

[Event "*** Titled Tuesday 3|2 Blitz"]
[Site "Chess.com"]
[Date "2015.09.01"]
[Round "6"]
[White "DanielNaroditsky"]
[Black "Mornar1951"]
[Result "1-0"]
[WhiteElo "2554"]
[BlackElo "2486"]
[TimeControl "180+2"]
[EndTime "12:11:43 PDT"]
[Termination "DanielNaroditsky won by resignation"]

1. d4 Nf6 2. c4 e6 3. Nc3 Bb4 4. f3 c5 5. d5 O-O 6. e4 d6 7.
Ne2 a6 8. Ng3 Re8 9. Be2 b5 10.
O-O bxc4 11. Bxc4 Bxc3 12. bxc3 exd5 13. Bxd5 Nxd5 14. Qxd5 Ra7 15. Bf4 Rd7 16. Rab1 Qc7 17. Nf5 Re6 18. Rfd1 Bb7 19. Qb3 Nc6 20. Nxd6 Na5 21.
Nxb7 Nxb3 22. Bxc7 Nd2 23. Bf4 g5 24. Rxd2 1-0

[Event "*** Titled Tuesday 3|2 Blitz"]
[Site "Chess.com"]
[Date "2015.09.01"]
[Round "6"]
[White "dretch"]
[Black "oggy1984"]
[Result "1-0"]
[WhiteElo "2626"]
[BlackElo "2424"]
[TimeControl "180+2"]
[EndTime "12:11:43 PDT"]
[Termination "dretch won by resignation"]

1. d4 Nf6 2. c4 e6 3. Nc3 Bb4 4.
Qc2 O-O 5. e4 d5 6. e5 Ne4 7.
Bd3 c5 8. Nf3 cxd4 9. Nxd4 Nd7 10.
Bf4 Ndc5 11. O-O Bxc3 12. bxc3 Nxd3 13. Qxd3 b6 14. cxd5 Qxd5 15. Rfd1 Bb7 16. c4 Qd8 17. Qe3 Qh4 18. f3 Nc5 19. Bg5 Qh5 20. Nb5 f6 21.
Bf4 g5 22. Bg3 f5 23. Bf2 g4 24. f4 Rfd8 25. Nd6 Bc6 26. Rd4 Rd7 27. Be1 Rad8 28.
Bb4 Ne4 29. Re1 Qh4 30. Rd3 Kg7 31. Re2 Kg8 32. Be1 Qe7 33. h3 gxh3 34. Qxh3 Kh8 35.
Bh4 Qf8 36. Bxd8 Nxd6 37. Bf6+ 1-0

[Event "*** Titled Tuesday 3|2 Blitz"]
[Site "Chess.com"]
[Date "2015.09.01"]
[Round "6"]
[White "Kempsy"]
[Black "amazingoid"]
[Result "1-0"]
[WhiteElo "2506"]
[BlackElo "2303"]
[TimeControl "180+2"]
[EndTime "12:11:55 PDT"]
[Termination "Kempsy won by resignation"]

1. c4 e5 2. Nc3 Nc6 3. g3 Bc5 4.
Bg2 d6 5. e3 Nf6 6. Nge2 O-O 7.
O-O a6 8. a3 Bg4 9. b4 Ba7 10.
h3 Bh5 11. Bb2 Re8 12. d3 Qc8 13. Qd2 Ne7 14. d4 Rb8 15. c5 Bg6 16. cxd6 cxd6 17. Rac1 Qe6 18. Rfd1 Rec8 19. Kh2 Qb3 20. dxe5 dxe5 21.
f4 Nf5 22. Nd5 Bxe3 23. Rxc8+ Rxc8 24. Nxe3 Qxd1 25. Nxd1 Ne3 26. Nxe3 1-0

[Event "*** Titled Tuesday 3|2 Blitz"]
[Site "Chess.com"]
[Date "2015.09.01"]
[Round "6"]
[White "ChadaevNikolay"]
[Black "Iball95"]
[Result "1-0"]
[WhiteElo "2607"]
[BlackElo "2354"]
[TimeControl "180+2"]
[EndTime "12:11:57 PDT"]
[Termination "ChadaevNikolay won by resignation"]

1. e4 c5 2. Nf3 Nc6 3. Bb5 Nf6 4.
Bxc6 dxc6 5. d3 Bg4 6. Nbd2 Qc7 7. h3 Bh5 8. Nf1 Nd7 9. Ng3 Bg6 10. O-O e5 11. Nh4 Be7 12. Nhf5 Bf8 13. f4 O-O-O 14. Qf3 f6 15. Be3 Bf7 16. fxe5 Nxe5 17. Qf2 b6 18. a4 h5 19. a5 h4 20. axb6 axb6 21. Ne2 Kb7 22. Ra4 Ra8 23. Rxa8 Kxa8 24. Nxh4 Kb7 25. Nf3 Bd6 26. Nxe5 Bxe5 27. Bf4 Ra8 28.
Qg3 Bxf4 29. Nxf4 Rg8 30. b3 Qd6 31. Ne2 Qd7 32. Kh2 Be6 33. Nf4 Bf7 34. Rf2 Be8 35. Ne2 Bf7 36. Ng1 Be8 37. Rxf6 gxf6 38. Qxg8 Qd6+ 39. Qg3 Qd4 40. Nf3 Qc4 1-0

[Event "*** Titled Tuesday 3|2 Blitz"]
[Site "Chess.com"]
[Date "2015.09.01"]
[Round "6"]
[White "WarlordX"]
[Black "Gabrinsky"]
[Result "0-1"]
[WhiteElo "2199"]
[BlackElo "2096"]
[TimeControl "180+2"]
[EndTime "12:11:58 PDT"]
[Termination "Gabrinsky won by resignation"]

1. d4 e6 2. c4 Nf6 3. g3 Bb4+ 4. Bd2 Qe7 5. Bg2 Nc6 6. Nf3 Bxd2+ 7. Qxd2 Ne4 8. Qc2 Qb4+ 9. Nc3 Nxc3 10. Qxc3 Qxc3+ 11. bxc3 b6 12. Ne5 Bb7 13. Nxc6 Bxc6 14. Bxc6 dxc6 15. a4 a5 16. Kd2 Ke7 17. h4 Rhd8 18. Kc2 f6 19. h5 e5 20. h6 g6 21. e3 Ke6 22.
g4 e4 23. Rab1 Rf8 24. Kd2 Rg8 25. Ke2 Raf8 26. Rhd1 f5 27. g5 f4 28. exf4 Rxf4 29. Ke3 Rf5 30. Rg1 Rgf8 31. Rg2 Rf3+ 32. Ke2 Rxc3 33. c5 bxc5 34. dxc5 Rxc5 35. Rb7 Rf7 36. Ra7 Kd6 37. Ke3 Rff5 38. Kxe4 Rxg5 39. Rxg5 Rxg5 40. Ra8 Rh5 41. Rd8+ Kc5 42. Rd7 Rxh6 43. Rxc7 Rh4+ 44. Ke3 Kb4 45. Rxc6 Kxa4 46. f4 Kb3 47. Rb6+ Ka3 48. Rb7 a4 49. Rb6 Ka2 50. Rb4 a3 51. Kd3 g5 52. Kc2 Rxf4 53. Rb7 Rh4 54. Re7 Rh2+ 55. Kc3 h5 56. Re5 g4 57. Rg5 Rh3+ 58. Kc2 g3 59. Kc1 h4 60. Rg4 Rh2 0-1

[Event "*** Titled Tuesday 3|2 Blitz"]
[Site "Chess.com"]
[Date "2015.09.01"]
[Round "6"]
[White "MMSANCHEZ"]
[Black "Zlatan56"]
[Result "0-1"]
[WhiteElo "2297"]
[BlackElo "2553"]
[TimeControl "180+2"]
[EndTime "12:12:02 PDT"]
[Termination "Zlatan56 won by resignation"]

1. d4 Nf6 2. Nf3 g6 3. Nbd2 Bg7 4. e4 d6 5. Bd3 O-O 6. O-O Nc6 7. c3 e5 8. Re1 Nh5 9. Nb3 Bg4 10. Be3 Qf6 11. Be2 Nf4 12. Bxf4 Qxf4 13. g3 Qf6 14. d5 Ne7 15. Nfd2 Bd7 16. c4 b6 17. Nf1 Qg5 18.
Qd2 Qxd2 19. Nbxd2 a5 20. b3 f5 21. a3 fxe4 22. Nxe4 Nf5 23. Nfd2 Nd4 24. Bd1 Bh6 25. Rc1 Bf5 26. Rc3 Rf7 27. Nf3 Raf8 28. Nxd4 exd4 29. Rf3 Kg7 30. b4 axb4 31. axb4 Re7 32. Bc2 Rfe8 33. Ra3 Bxe4 34. Bxe4 Rxe4 35. Rxe4 Rxe4 36. Ra7 Re7 37.
c5 bxc5 38. bxc5 Kf6 39. c6 d3 40. Ra3 d2 0-1

[Event "*** Titled Tuesday 3|2 Blitz"]
[Site "Chess.com"]
[Date "2015.09.01"]
[Round "6"]
[White "Aygehovit1992"]
[Black "alexsuper1987"]
[Result "1-0"]
[WhiteElo "2335"]
[BlackElo "2138"]
[TimeControl "180+2"]
[EndTime "12:12:03 PDT"]
[Termination "Aygehovit1992 won by resignation"]

1. Nf3 Nc6 2. e3 d5 3. d4 Bg4 4. c4 e5 5. dxe5 dxc4 6. Qxd8+ Rxd8 7. Bxc4 Bxf3 8. gxf3 Nxe5 9. Be2 Nf6 10. f4 Nd3+ 11. Bxd3 Rxd3 12. Ke2 Rd7 13. Nc3 c6 14. Bd2 Be7 15.
Rab1 O-O 16. b4 Rfd8 17. Rhd1 b6 18. a4 c5 19. bxc5 Bxc5 20. Be1 Rxd1 21. Rxd1 Rxd1 22. Nxd1 Nd5 23. Kd3 Kf8 24. Kc4 Nc7 25. Nc3 Ke7 26. Nb5 Nxb5 27. axb5 Ke6 28. Bd2 Kf5 29. f3 Ke6 30. e4 f5 31. Bc3 g6 32. Bd4 Bd6 33. Be3 Bc7 34. Kd3 g5 35. fxg5 Bxh2 36. f4 Bg3 37. e5 Kd5 38. Ke2 Bh4 39. Bf2 Bxf2 40.
Kxf2 Ke6 41. Kg3 Kf7 42. Kh4 Kg6 43. e6 Kg7 44. Kh5 Kf8 45. Kh6 Ke7 46. Kxh7 a5 47. bxa6 b5 48. a7 b4 49. a8=Q b3 50. Qd5 b2 51.
Qd7+ 1-0

[Event "*** Titled Tuesday 3|2 Blitz"]
[Site "Chess.com"]
[Date "2015.09.01"]
[Round "6"]
[White "lukas_111111"]
[Black "1stSecond"]
[Result "0-1"]
[WhiteElo "2221"]
[BlackElo "2373"]
[TimeControl "180+2"]
[EndTime "12:12:23 PDT"]
[Termination "1stSecond won by checkmate"]

1. d4 Nf6 2. c4 c5 3. d5 e6 4. Nc3 exd5 5. cxd5 d6 6. e4 g6 7. h3 Bg7 8. Nf3 O-O 9. Bd3 a6 10. a4 Nbd7 11. O-O Re8 12. Bf4 Nh5 13. Bxd6 Qb6 14.
e5 Bxe5 15. Bxe5 Nxe5 16. Nxe5 Rxe5 17. Qd2 Bd7 18. a5 Qb4 19. f4 Qd4+ 20. Kh2 Re3 21. Rad1 Nxf4 22. Bb1 Qe5 23. Kg1 Re8 24. Be4 Qg5 25.
h4 Qg3 26. Rf3 Rxf3 27. Bxf3 Nh3+ 28. Kf1 Qh2 29. gxh3 Bxh3+ 30. Bg2 Qh1+ 31. Kf2 Qxg2# 0-1

[Event "*** Titled Tuesday 3|2 Blitz"]
[Site "Chess.com"]
[Date "2015.09.01"]
[Round "6"]
[White "FairChess_on_YouTube"]
[Black "AlexanderL"]
[Result "1-0"]
[WhiteElo "2718"]
[BlackElo "2506"]
[TimeControl "180+2"]
[EndTime "12:12:37 PDT"]
[Termination "FairChess_on_YouTube won by resignation"]

1. d4 e6 2. Nf3 d5 3. Bf4 c5 4. e3 Nc6 5. c3 Bd6 6. Bg3 Nf6 7.
Nbd2 O-O 8. Bd3 b6 9. Ne5 Bxe5 10. dxe5 Nd7 11. f4 f6 12. Bh4 Qe8 13. exf6 Nxf6 14.
O-O e5 15. Bb5 exf4 16. exf4 Bd7 17. Nf3 Qe3+ 18. Kh1 d4 19. cxd4 Nxd4 20. Bc4+ Kh8 21. Nxd4 cxd4 22. Bf2 Qxf4 23. Bxd4 Qc7 24. Bxf6 Rxf6 25.
Rxf6 gxf6 26. Qd4 Rf8 27. Rf1 Qc6 28. a3 a5 29. Bd3 Rf7 30. Qf4 Qc5 31. h3 Kg7 32. Qh4 Qg5 33. Qxh7+ Kf8 34. Qh8+ Qg8 35. Qxg8+ Kxg8 36. Bc4 1-0

[Event "*** Titled Tuesday 3|2 Blitz"]
[Site "Chess.com"]
[Date "2015.09.01"]
[Round "6"]
[White "AndrewMcStone"]
[Black "fumeynoel"]
[Result "1-0"]
[WhiteElo "1926"]
[BlackElo "1588"]
[TimeControl "180+2"]
[EndTime "12:12:40 PDT"]
[Termination "AndrewMcStone won on time"]

1. d4 Nf6 2. c4 b6 3. Nc3 Bb7 4. d5 g6 5. e4 d6 6. f4 Bg7 7. Nf3 c6 8. Be2 O-O 9. O-O Nbd7 10. e5 dxe5 11. fxe5 Ne8 12. Bf4 cxd5 13. cxd5 Nc5 14. Qd2 Nc7 15. Rad1 Ba6 16. b4 Bxe2 17. Qxe2 Nd7 18.
Ne4 Qc8 19. Rc1 Qa6 20. Qd2 Rfc8 21. e6 fxe6 22. Bxc7 exd5 23. Qxd5+ Kh8 24. Nfg5 Nf6 25. Nf7+ Kg8 26. Nh6+ Kh8 27. Qg8+ 1-0